 Dungeon Crawl Stone Soup version 0.26.1-11-gd32895ea62 (webtiles) character file.

Game seed: 4514511005593498142

1367 Zeld the Changer (level 8, -7/54 HPs)
             Began as an Octopode Transmuter on May 26, 2021.
             Was an Initiate of Gozag.
             Mangled by an ogre
             ... wielding a +0 giant club
              (18 damage)
             ... on level 7 of the Dungeon.
             The game lasted 00:08:02 (8711 turns).

Zeld the Changer (Octopode Transmuter)              Turns: 8711, Time: 00:08:02

Health: -7/54      AC:  1    Str: 11    XL:     8   Next: 65%
Magic:  5/16       EV: 15    Int: 16    God:    Gozag
Gold:   22         SH:  0    Dex: 12    Spells: 3/18 levels left

rFire    . . .     SeeInvis .     - Unarmed
rCold    . . .     Faith    .   (no shield)
rNeg     . . .     Spirit   .   (helmet restricted)
rPois    .         Reflect  .   (no amulet)
rElec    .         Harm     .   (no ring)
rCorr    .         Rampage  .   (no ring)
Will     .....                  (no ring)
Stlth    ++........             (no ring)
HPRegen  0.18/turn              (no ring)
MPRegen  0.15/turn              (no ring)
                                (no ring)
                                (no ring)

@: very slightly contaminated
A: almost no armour, stealthy swim, amphibious, 8 rings, constrict 8, camouflage
1, blurry vision 1, gelatinous body 1
a: Renounce Religion, Potion Petition, Call Merchant, Bribe Branch


You were on level 7 of the Dungeon.
You worshipped Gozag.
Gozag was noncommittal.
You visited 2 branches of the dungeon, and saw 8 of its levels.

You collected 379 gold pieces.
You spent 265 gold pieces at shops.
You paid 92 gold pieces to Gozag.

Inventory:

Wands
 q - a wand of acid (7)
Scrolls
 a - 3 scrolls of magic mapping
 b - 4 scrolls of amnesia {unknown}
 c - 7 scrolls of identify {unknown}
 d - 6 scrolls of teleportation
 e - 2 scrolls of enchant weapon
 f - 6 scrolls of remove curse
 h - a scroll of enchant armour {unknown}
 o - a scroll of immolation {unknown}
 t - a scroll of acquirement {unknown}
Potions
 g - a potion of mutation {unknown}
 i - a potion of haste
 j - a potion of cancellation {unknown}
 k - 2 potions of heal wounds
 l - a potion of berserk rage {unknown}
 m - a potion of ambrosia {unknown}
 n - 2 potions of curing {unknown}
 p - a potion of attraction {unknown}
 r - a potion of flight {unknown}


   Skills:
 + Level 4.0 Fighting
 + Level 4.5 Dodging
 - Level 3.0 Unarmed Combat
 * Level 5.7 Spellcasting
 * Level 6.3 Transmutations


You had 3 spell levels left.
You knew the following spells:

 Your Spells              Type           Power        Failure   Level
a - Beastly Appendage     Tmut           48%          1%          1
b - Wereblood             Tmut           24%          1%          2
c - Spider Form           Tmut/Pois      7%           12%         3
d - Ice Form              Ice/Tmut       14%          36%         4
e - Blade Hands           Tmut           12%          28%         5

Your spell library contained the following spells:

 Spells                   Type           Power        Failure   Level


Dungeon Overview and Level Annotations

Branches:
Dungeon (7/15)             Temple (1/1) D:5

Altars:
Ashenzari
Cheibriados
Dithmenos
Elyvilon
Fedhas
Gozag
Hepliaklqana
Kikubaaqudgha
Makhleb
Nemelex Xobeh
Okawaru
Qazlal
Ru
Sif Muna
Trog
Uskayaw
Vehumet
Wu Jian
Xom
Yredelemnul
Zin
The Shining One

Shops:
D:7 ?

Annotations:
D:2 exclusion: oklob plant


Innate Abilities, Weirdness & Mutations

You cannot wear most types of armour.
You are very stealthy in the water. (Stealth+)
You are amphibious.
You can wear up to eight rings at the same time.
You can use your tentacles to constrict eight enemies at once.
Your skin changes colour to match your surroundings (Stealth+).
Your rubbery body absorbs attacks. (AC +1, EV +1)
Scrolls take you a little longer to read.


Message History

The necrophage barely misses you.
Your body shudders with the violent release of wild energies!
Your vision blurs.
You feel less contaminated with magical energies.
You slice the necrophage!!
You destroy the necrophage!
Cornered, the ogre turns to fight!
Your tentacles revert to their normal proportions.
An ogre comes into view. It is wielding a +0 giant club.
The ogre barely misses you.
Okay, then.
Found a wand of acid (8).
Okay, then.
You hear the slow hiss of a distant avalanche of sand.
Found a robe.
Found 8 gold pieces.
Found 12 arrows.
The ogre hits you with a +0 giant club!!
You die...
Your body crumbles into a pile of gold.

,,,,,,,,,,,,,,,,,,,,,,,,,*,,,,,,,
,,,,,,,,,,,,,,,,,,,,,,,,,*,,,,,,,
,,,,,,,,,,,,,,,,,**********,,,,,,
,,,,,,,,,,,,,,,,,**,,,,,,**,,,,,,
**+******,######+##,,,,,,+,,,,,,,
,,,,*,,**,#.......#,,,,,,*#####**
,,,,*,,,,,#.......#,,,,,,#.......
,,,,*,,,,,#.......########.......
,,,,*,,,,,#..../@OO..............
,,,,*,,,,,#......................
,,,,*,,,,,#.$....................
,,,,*,,,,,#......................
,,,,*,,,,.'......................
,,,,,,*'*##......................
*****,,,,....[...................
*,,,,..(......####'###.......
*,,,,,,,......*,.....'.......


You could see 2 ogres.

Vanquished Creatures
  A water moccasin (D:5)
  A phantom (D:4)
  A black bear (D:7)
  An ice beast (D:5)
  A necrophage (D:7)
  2 ogres
  A centaur (D:5)
  Blork the orc (D:5)
  4 howler monkeys
  2 bullfrog zombies
  A quasit (D:4)
  2 bullfrog skeletons
  A jelly (D:4)
  A centaur skeleton (D:5)
  An iguana (D:4)
  2 worker ants
  A hound skeleton (D:4)
  3 adders
  A white imp (D:5)
  An ufetubus (D:4)
  An ooze (D:1)
  2 adder zombies (D:6)
  2 adder skeletons (D:5)
  3 worms (D:2)
  A dart slug (D:1)
  4 leopard geckos
  9 orcs
  5 giant cockroaches
  6 goblins
  8 hobgoblins
  7 jackals
  6 kobolds
  4 quokkas
  3 ball pythons
  9 bats
  3 frilled lizards
  A leopard gecko skeleton (D:7)
  7 rats
110 creatures vanquished.

Notes
Turn   | Place    | Note
-------+----------+-------------------------------------------
     0 | D:1      | Zeld the Octopode Transmuter began the quest for the Orb.
     0 | D:1      | Reached XP level 1. HP: 13/13 MP: 3/3
   268 | D:1      | Reached XP level 2. HP: 13/18 MP: 3/5
   284 | D:1      | Learned a level 2 spell: Wereblood
   566 | D:1      | Reached XP level 3. HP: 23/23 MP: 4/6
   570 | D:1      | Learned a level 3 spell: Spider Form
  2080 | D:2      | Reached XP level 4. HP: 17/28 MP: 8/8
  2236 | D:2      | Reached skill level 3 in Transmutations
  2869 | D:2      | Found a blossoming altar of Fedhas.
  2890 | D:2      | Noticed an oklob plant
  3785 | D:4      | Reached XP level 5. HP: 34/34 MP: 5/9
  3854 | D:4      | Noticed a phantom
  3860 | D:4      | Learned a level 4 spell: Ice Form
  3874 | D:4      | Killed a phantom
  3894 | D:4      | Reached XP level 6. HP: 38/39 MP: 8/11
  4003 | D:4      | Reached skill level 4 in Transmutations
  5129 | D:5      | Entered Level 5 of the Dungeon
  5421 | D:5      | Found a staircase to the Ecumenical Temple.
  5434 | Temple   | Entered the Ecumenical Temple
  5731 | D:5      | Noticed Blork the orc
  6118 | D:4      | Reached XP level 7. HP: 29/45 MP: 8/13
  6262 | D:5      | Killed Blork the orc
  6573 | D:5      | Reached skill level 5 in Transmutations
  7483 | D:5      | Reached skill level 5 in Spellcasting
  7483 | D:5      | Reached XP level 8. HP: 44/52 MP: 13/15
  7639 | D:5      | Found a sparkling altar of Nemelex Xobeh.
  7704 | D:6      | Found a glowing silver altar of Zin.
  7704 | D:6      | Found an opulent altar of Gozag.
  7718 | D:6      | Became a worshipper of Gozag Ym Sagoz the Greedy
  7835 | D:6      | Found a hazy altar of Hepliaklqana.
  7835 | D:6      | Found a sacrificial altar of Ru.
  7984 | D:6      | Learned a level 5 spell: Blade Hands
  8603 | D:7      | Found Raineh's Magic Scroll Shoppe.
  8609 | D:7      | Bought a scroll of magic mapping for 45 gold pieces
  8609 | D:7      | Bought a scroll of teleportation for 39 gold pieces
  8609 | D:7      | Bought a scroll of remove curse for 39 gold pieces
  8609 | D:7      | Bought a scroll of fear for 45 gold pieces
  8609 | D:7      | Bought a scroll of enchant weapon for 97 gold pieces
  8682 | D:7      | Reached skill level 6 in Transmutations
  8694 | D:7      | Gained mutation: Scrolls take you a little longer to read.
                  | [mutagenic glow]
  8711 | D:7      | Mangled by an ogre

Illustrated notes

Levels and vault maps discovered:
D:1:      nzn_arrival_depleted_hourglass, layout_basic
D:2:      layout_rooms, tgw_fedhas
D:3:      layout_rooms, bh_walls_and_bars
D:4:      layout_basic, st_stairs_13, dk_noncrumbling_3
D:5:      minmay_evil_eye, layout_rooms, minmay_temple_entry_statues_fountains,
          chequers_garden, nemelex_altar_shiori, uniq_blork_the_orc
D:6:      layout_rooms, grunt_temple_overflow_gold_and_silver,
          chequers_temple_overflow_statue_of_worship
D:7:      layout_gridville, nicolae_ossuary_entry_catacombs, serial_shops, shop,
          lightli_corner_chamber
Temple:   eino_narrow_crystal_temple

Skill      XL: |  1  2  3  4  5  6  7  8 |
---------------+-------------------------+-----
Transmutations | 3 4 5 6 |  6.3
Spellcasting   | 3 4 5 |  5.7
Fighting       | 2 3 4 |  4.0
Dodging        | 3 4 |  4.5
Unarmed Combat | |  3.0

Action                   |  1- 3 |  4- 6 |  7- 9 || total
-------------------------+-------+-------+-------++-------
Melee: Unarmed           |    77 |   104 |   100 ||   281
       Constrict         |    23 |    10 |     7 ||    40
       Kick              |    15 |     6 |       ||    21
       Tentacles         |    11 |     7 |     3 ||    21
       Punch             |     1 |       |       ||     1
 Cast: Beastly Appendage |    23 |    11 |       ||    34
       Wereblood         |     3 |     2 |       ||     5
       Spider Form       |       |    11 |    10 ||    21
       Ice Form          |       |     4 |     3 ||     7
       Blade Hands       |       |       |     5 ||     5
  Use: Potion            |       |       |     2 ||     2
       Scroll            |       |       |     2 ||     2
 Stab: Sleeping          |     2 |     2 |     1 ||     5
Armor: Skin              |    12 |    12 |    12 ||    36
Dodge: Dodged            |    66 |   112 |    99 ||   277
